 Dungeon Crawl Stone Soup version 0.26-a0-661-g406de6ba63 (webtiles) character file.

Game seed: 4624965964475544678

217 DogServant the Changer (level 5, 0/37 HPs)
             Began as a Merfolk Transmuter on Oct 9, 2020.
             Was an Initiate of Ru.
             Slain by a quokka skeleton (1 damage)
             ... on level 4 of the Dungeon.
             The game lasted 00:05:49 (4791 turns).

DogServant the Changer (Merfolk Transmuter)         Turns: 4791, Time: 00:05:50

Health: 0/37       AC:  3    Str: 11    XL:     5   Next: 94%
Magic:  7/8        EV: 14    Int: 12    God:    Ru [......]
Gold:   298        SH:  0    Dex: 15    Spells: 2/8 levels left

rFire    . . .     SeeInvis .     - Unarmed
rCold    . . .     Faith    .   (no shield)
rNeg     + . .     Spirit   .   c - +1 robe {rN+}
rPois    .         Reflect  .   (helmet restricted)
rElec    .         Harm     .   (no cloak)
rCorr    .         Rampage  .   (no gloves)
MR       .....                  (no boots)
Stlth    ..........             (no amulet)
HPRegen  0.12/turn              j - ring of flight
MPRegen  0.11/turn              (no ring)

@: wereblooded (expiring), slowed, very slow
A: change form in water, swift swim, stealthy swim, beak, blink, no stealth
a: Blink, Renounce Religion, Evoke Flight


You were on level 4 of the Dungeon.
You worshipped Ru.
Ru was noncommittal.
You visited 1 branch of the dungeon, and saw 4 of its levels.

You collected 298 gold pieces.

Inventory:

Armour
 a - a +0 robe
 c - a +1 robe of positive energy (worn)
Jewellery
 j - a ring of flight (left hand)
Wands
 l - a wand of disintegration (15)
Scrolls
 b - 4 scrolls of teleportation {unknown}
 d - 3 scrolls of magic mapping {unknown}
 f - 2 scrolls of remove curse {unknown}
 g - a scroll of fog {unknown}
 k - 2 scrolls of identify {unknown}
Potions
 e - 4 potions of curing
 h - a potion of heal wounds
 i - a potion of haste {unknown}
 m - 2 potions of degeneration {unknown}


   Skills:
 - Level 1.1 Fighting
 + Level 4.0 Dodging
 + Level 4.7 Unarmed Combat
 + Level 2.2 Spellcasting
 + Level 4.9 Transmutations
 + Level 2.0 Poison Magic
 + Level 0.4 Evocations


You had 2 spell levels left.
You knew the following spells:

 Your Spells              Type           Power        Failure   Level
a - Beastly Appendage     Tmut           ##....       3%          1
b - Wereblood             Tmut           ##......     5%          2
c - Spider Form           Tmut/Pois      #.........   19%         3

Your spell library contained the following spells:

 Spells                   Type           Power        Failure   Level
 Ice Form                 Ice/Tmut       #.......     67%         4
 Blade Hands              Tmut           ##........   67%         5


Dungeon Overview and Level Annotations

Branches:
Dungeon (4/15)
 Temple: D:4-7

Altars:
Ru
Wu Jian


Innate Abilities, Weirdness & Mutations

You revert to your normal form in water.
You are very nimble and swift while swimming.
You are very stealthy in the water. (Stealth+)
You cannot be stealthy.
You have a beak for a mouth.
You can translocate small distances at will.


Message History

The orc is lightly wounded.
The orc closely misses you. The orc completely misses you.
The quokka skeleton closely misses you.
Your horns disappear.
The orc hits you but does no damage. The orc barely misses you.
The quokka skeleton bites you.
* * * LOW HITPOINT WARNING * * *
The orc closely misses you. The orc hits you with a +0 dagger.
* * * LOW HITPOINT WARNING * * *
The orc hits you with a +0 club.
* * * LOW HITPOINT WARNING * * *
The quokka skeleton bites you but does no damage.
The orc hits you but does no damage.
Welcome back, DogServant the Merfolk Transmuter.
Ru says: Cut away your false body!
Press ? for a list of commands and other information.
Unknown command.
Your primal bloodlust is almost over.
The orc completely misses you. The quokka skeleton bites you.
You die...

..........'.......+...'..........
..#.##.####.......#...#..........
#.# #.......#...###.####.#. #.#
#.......#...# #.# #.#
#.......#...# #.# #.#
#.......#...# #.# #.#
#.......#...# #.# #.#
#......Z#.[.# #.# #.#
#.....@o....# #.# #.#
#......oo...# #.# ######.#
#...........# .......##
#.......##### ######..# #######.#
##.#########.#
#######...........#
......#...........#
......#........(


You could see 3 orcs and a quokka skeleton.

Vanquished Creatures
  A centaur skeleton (D:3)
  An orc wizard (D:4)
  Terence (D:3)
  3 adders
  8 worms
  3 leopard geckos
  5 orcs
  3 giant cockroaches (D:1)
  7 goblins
  9 hobgoblins
  7 jackals
  7 kobolds
  A quokka (D:3)
  A ball python (D:1)
  6 bats
  3 frilled lizards
  13 rats
79 creatures vanquished.

Notes
Turn   | Place    | Note
-------+----------+-------------------------------------------
     0 | D:1      | DogServant the Merfolk Transmuter began the quest for the
                  | Orb.
     0 | D:1      | Reached XP level 1. HP: 15/15 MP: 3/3
   266 | D:1      | Reached XP level 2. HP: 9/21 MP: 3/5
  1286 | D:1      | Reached XP level 3. HP: 26/26 MP: 6/6
  1743 | D:2      | Learned a level 2 spell: Wereblood
  1759 | D:2      | Learned a level 3 spell: Spider Form
  1934 | D:2      | Reached XP level 4. HP: 23/32 MP: 7/7
  2308 | D:2      | Found an ornate altar of the Wu Jian Council.
  2308 | D:2      | Found a sacrificial altar of Ru.
  2445 | D:2      | Became a worshipper of Ru the Awakened
  2765 | D:2      | Found a faded altar of an unknown god.
  2868 | D:3      | Reached skill level 1 in Poison Magic
  2940 | D:3      | Noticed Terence
  2972 | D:3      | Killed Terence
  2972 | D:3      | Reached XP level 5. HP: 17/37 MP: 5/8
  3406 | D:3      | Gained mutation: You have a beak for a mouth. [potion of
                  | mutation]
  3406 | D:3      | Gained mutation: You can translocate small distances at
                  | will. [potion of mutation]
  3409 | D:3      | HP: 1/37 [quokka (5)]
  4550 | D:4      | Gained mutation: You cannot be stealthy. [Ru sacrifice]
  4790 | D:4      | HP: 1/37 [orc/+0 club (3)]
  4791 | D:4      | Slain by a quokka skeleton

Illustrated notes

Levels and vault maps discovered:
D:1:      kilobyte_arrival_exit_the_forest, layout_rooms
D:2:      layout_rooms, gammafunk_temple_overflow_wave,
          chequers_ecumenical_altar_grove
D:3:      layout_basic, uniq_terence
D:4:      layout_basic, trog_wizard

Skill      XL: |  1  2  3  4  5 |
---------------+----------------+-----
Transmutations | 3 4 |  4.9
Unarmed Combat | 4 |  4.7
Dodging        | 3 4 |  4.0
Poison Magic   | 1 2 |  2.0
Fighting       | |  1.1
Spellcasting   | |  2.2
Evocations     | |  0.4

Action                   |  1- 3 |  4- 6 || total
-------------------------+-------+-------++-------
Melee: Unarmed           |   156 |   156 ||   312
       Headbutt          |    14 |    18 ||    32
       Punch             |     3 |     5 ||     8
       Peck              |       |     6 ||     6
 Cast: Beastly Appendage |    12 |    14 ||    26
       Wereblood         |       |     3 ||     3
Invok: Sacrifice Stealth |       |     1 ||     1
  Use: Potion            |       |     5 ||     5
 Stab: Sleeping          |     1 |     2 ||     3
Armor: Robe              |    44 |    32 ||    76
Dodge: Dodged            |   154 |   124 ||   278

Table legend: (Time is in decaauts)
 A = Elapsed time spent in this place.
 B = Non-inter-level travel time spent in this place.
 C = Inter-level travel time spent in this place.
 D = Time resting spent in this place.
 E = Time spent auto-exploring this place.
 F = Levels seen in this place.
 G = Mean time per level.
                   A        B        C        D        E       F      G
               +--------+--------+--------+--------+--------+-----+--------+
         Total |   4774 |   4577 |    197 |   1653 |   2325 |   4 | 1193.5 |
       Dungeon |   4774 |   4577 |    197 |   1653 |   2325 |   4 | 1193.5 |
               +--------+--------+--------+--------+--------+-----+--------+

Top non-repeatable levels by time:
     D:3: 1724 daAuts
     D:1: 1437 daAuts
     D:2: 1348 daAuts
     D:4: 264 daAuts
